Blues vs Rangers

Created - 10 octobre 2017 at 15:55

Goals
1 2 3 T
Blues 1 1 2 4
Rangers 1 0 1 2
Shots
1 2 3 T
Blues 10 16 13 39
Rangers 8 14 9 31

1st period

1. Blues , Ryan Getzlaf 2 (Mike Weber 1) at 12:40
2. Rangers , Shawn Collymore 1 (Nikolai Kulemin 3, Kyle Palmieri 1) at 17:13

Penalties :
James Sheppard (NYR) for Boarding (Minor) at 1:45, Matt Stajan (NYR) for Hooking (Minor) at 8:56

2nd period

3. Blues , Jacob Josefson 1 (Oscar Klefbom 1, Trevor Daley 2) at 5:08

Penalties :
Nick Holden (NYR) for Tripping (Minor) at 2:34, Niklas Kronwall (NYR) for Hooking (Minor) at 6:58, Luca Sbisa (NYR) for Holding (Minor) at 7:31

3rd period

4. Blues , Ryan Getzlaf 3 (Patric Hornqvist 3, Martin Erat 3) at 1:34 (PP)
5. Rangers , Niklas Kronwall 1 (Reilly Smith 1, Nikolai Kulemin 4) at 8:05 (PP)
6. Blues , Sidney Crosby 1 (Mike Weber 2) at 12:17 (PP)

Penalties :
Matt Stajan (NYR) for Holding Stick (Minor) at 0:13, Mike Weber (STL) for Tripping (Minor) at 3:40, Oscar Klefbom (STL) for Roughing (Minor) at 8:01, Alex Foster (NYR) for Holding Stick (Minor) at 11:15

Goalie Stats

Simeon Varlamov (STL), 29 saves from 31 shots - (0,935), W, 3-1-0, 60:00 minutes
Mike Smith (NYR), 35 saves from 39 shots - (0,897), L, 1-3-0, 60:00 minutes

Players Stats for Blues

Player Name              G  A  P  +/- PIM S  H  SB GA TA FO     MP     PP MP  PK MP  
------------------------------------------------------------------------------------
Anders Lee               0  0  0   0  0   1  2  0  0  0  1/2    19:53   3:46   0:00 
Chad LaRose              0  0  0   0  0   0  0  0  0  0  0/0     5:41   0:47   0:07 
Frans Nielsen            0  0  0   0  0   2  0  0  0  0  8/18   12:38   0:47   0:33 
Jacob Josefson           1  0  1   0  0   1  0  0  0  0  1/4     4:49   0:00   0:00 
Keith Yandle             0  0  0   0  0   4  0  2  0  0  0/0    19:06   5:54   0:00 
Martin Erat              0  1  1   1  0   2  0  0  0  0  1/2    21:10   6:19   0:00 
Martin Marincin          0  0  0   1  0   3  0  0  0  0  0/0    22:18   4:58   0:43 
Matt D'Agostini          0  0  0   0  0   2  0  0  0  0  1/1    15:56   4:17   0:21 
Michal Birner            0  0  0   0  0   0  0  0  0  0  1/1    11:18   0:00   0:00 
Mike Weber               0  2  2   1  2   2  3  3  0  0  0/0    21:34   4:58   0:00 
Nate Guenin              0  0  0   0  0   1  7  0  0  0  0/0    15:19   0:47   1:20 
Oliver Setzinger         0  0  0   0  0   0  2  0  0  0  1/2     4:49   0:00   0:00 
Oscar Klefbom            0  1  1   0  2   1  4  1  0  0  0/0    17:58   0:00   0:43 
Patric Hornqvist         0  1  1   1  0   2  0  1  0  0  0/1    22:47   6:19   1:35 
Ryan Getzlaf             2  0  2   1  0   7  2  0  0  0  26/34  22:40   6:19   1:30 
Sidney Crosby            1  0  1   0  0   6  2  0  0  0  16/33  19:53   3:46   0:00 
Tobias Rieder            0  0  0   0  0   1  1  0  0  0  0/1    16:23   0:16   0:00 
Trevor Daley             0  1  1   0  0   4  1  3  0  0  0/0    23:43   5:07   1:20 

Players Stats for Rangers

Player Name              G  A  P  +/- PIM S  H  SB GA TA FO     MP     PP MP  PK MP  
------------------------------------------------------------------------------------
Alex Foster              0  0  0  -1  2   1  5  0  0  0  1/1    10:15   0:00   0:00 
Clarke MacArthur         0  0  0  -1  0   3  0  0  0  0  2/2    17:16   0:55   0:00 
Evan McGrath             0  0  0   0  0   0  0  1  0  0  8/24   12:32   0:00   6:30 
James Sheppard           0  0  0   0  2   0  1  0  0  0  0/0     6:01   0:00   0:00 
Kyle Palmieri            0  1  1   1  0   3  0  0  0  0  0/2    19:14   1:08   3:40 
Luca Sbisa               0  0  0  -1  2   0  1  1  0  0  0/0    17:12   0:00   1:21 
Matt Stajan              0  0  0  -1  4   0  6  0  0  0  12/27  17:56   0:55   0:42 
Nick Holden              0  0  0   0  2   2  4  1  0  0  0/0    21:27   1:08   4:02 
Niklas Kronwall          1  0  1   0  2   4  4  4  0  0  0/0    26:13   1:08   4:08 
Nikolai Kulemin          0  2  2   1  0   2  1  0  0  0  11/24  21:20   1:08   5:46 
Ondrej Palat             0  0  0  -1  0   4  0  1  0  0  0/3    20:56   0:55   3:40 
Radko Gudas              0  0  0   0  0   2  3  4  0  0  0/0    21:50   0:55   5:59 
Reilly Smith             0  1  1   0  0   2  0  0  0  0  1/1     7:10   1:08   0:00 
Rich Peverley            0  0  0  -1  0   2  0  0  0  0  8/12   10:16   0:00   0:00 
Shawn Collymore          1  0  1   1  0   4  3  0  0  0  0/1    14:26   0:00   0:00 
Tim Ramholt              0  0  0  -1  0   1  1  1  0  0  0/0    11:11   0:00   0:00 
Tomas Fleischmann        0  0  0  -1  0   1  0  0  0  0  0/2    10:16   0:00   0:00 
Trevor Byrne             0  0  0   0  0   0  0  2  0  0  0/0    22:04   0:55   6:13 

3 Stars

1 - Ryan Getzlaf (STL)
2 - Mike Weber (STL)
3 - Sidney Crosby (STL)

Power Play

Blues - 2 on 7 Attempt(s) - 28,57%
Rangers - 1 on 2 Attempt(s) - 50,00%

Penalty Kill

Blues - 1 on 2 Attempt(s) - 50,00% - Score 0 goal in Penalty Kill
Rangers - 5 on 7 Attempt(s) - 71,43% - Score 0 goal in Penalty Kill

Team Stat

Blues - Hits : 24 - Faceoff Wins : 56 - Blocked Shots : 10 - Penalty Minutes : 4
Rangers - Hits : 29 - Faceoff Wins : 43 - Blocked Shots : 15 - Penalty Minutes : 14

Official

Referees : Rob Martell and Graham Skiliter
Linesman : Ryan Gibbons and Brian McAvoy

Game Notes

No Game Note

Finance

Level 1 -- Attendance: 4768 (76,90%) -- Ticket Income 596 000 $
Level 2 -- Attendance: 4321 (83,10%) -- Ticket Income 345 680 $
Level 3 -- Attendance: 1820 (82,73%) -- Ticket Income 100 100 $
Level 4 -- Attendance: 4200 (100,00%) -- Ticket Income 126 000 $
Luxury Box -- Attendance: 1160 (82,86%) -- Ticket Income 406 000 $
Game was played at the Madison Square Garden.
Total Attendance: 16269 (84,73%)
Total Ticket Income: 1 573 780 $
Other Income: 771 152 $
Total Income: 2 344 932 $

Blues

5 vs 5 Forward 
   Center                   Left Wing                Right Wing               Time % Phy DF OF 
 1 Ryan Getzlaf             Martin Erat              Patric Hornqvist         35     0   2  3  
 2 Sidney Crosby            Anders Lee               Tobias Rieder            34     0   2  3  
 3 Frans Nielsen            Michal Birner            Matt D'Agostini          25     0   2  3  
 4 Jacob Josefson           Oliver Setzinger         Chad LaRose              6      1   3  1  

5 vs 5 Defense 
   Defense                  Defense                                           Time % Phy DF OF 
 1 Oscar Klefbom            Trevor Daley                                      35     0   3  2  
 2 Martin Marincin          Mike Weber                                        33     0   3  2  
 3 Keith Yandle             Nate Guenin                                       26     0   3  2  
 4 Oscar Klefbom            Martin Marincin                                   6      0   3  2  

PowerPlay Forward 
   Center                   Left Wing                Right Wing               Time % Phy DF OF 
 1 Sidney Crosby            Anders Lee               Matt D'Agostini          50     0   1  4  
 2 Ryan Getzlaf             Martin Erat              Patric Hornqvist         50     0   1  4  

PowerPlay Defense
   Defense                  Defense                                           Time % Phy DF OF 
 1 Trevor Daley             Keith Yandle                                      60     0   2  3  
 2 Martin Marincin          Mike Weber                                        40     0   2  3  

Penalty Kill 4 Players Forward 
   Center                   Wing                     Time % Phy DF OF 
 1 Ryan Getzlaf             Patric Hornqvist         60     0   4  1  
 2 Frans Nielsen            Matt D'Agostini          40     0   4  1  

Penalty Kill 4 Players Defense
   Defense                  Defense                  Time % Phy DF OF 
 1 Nate Guenin              Trevor Daley             60     0   3  2  
 2 Martin Marincin          Oscar Klefbom            40     0   3  2  

Penalty Kill - 3 Players Forward 
   Forward                                           Time % Phy DF OF 
 1 Matt D'Agostini                                   60     0   3  2  
 2 Frans Nielsen                                     40     0   3  2  

Penalty Kill - 3 Players Defense
   Defense                  Defense                  Time % Phy DF OF 
 1 Martin Marincin          Trevor Daley             60     0   3  2  
 2 Nate Guenin              Oscar Klefbom            40     0   3  2  

4 vs 4 Forward 
   Center                   Wing                     Time % Phy DF OF 
 1 Ryan Getzlaf             Patric Hornqvist         60     0   2  3  
 2 Frans Nielsen            Anders Lee               40     0   2  3  

4 vs 4 Defense
   Defense                  Defense                  Time % Phy DF OF 
 1 Trevor Daley             Keith Yandle             60     1   2  2  
 2 Martin Marincin          Oscar Klefbom            40     1   2  2  

Last Minutes Offensive
   Center                   Left Wing                Right Wing               Defense                  Defense                  
   Ryan Getzlaf             Michal Birner            Patric Hornqvist         Keith Yandle             Trevor Daley             

Last Minutes Defensive
   Center                   Left Wing                Right Wing               Defense                  Defense                  
   Frans Nielsen            Matt D'Agostini          Patric Hornqvist         Trevor Daley             Nate Guenin              

Goaltenders
Starting : Simeon Varlamov          
Backup : Jason Bacashihua         

Extra Forwards
Normal : Matt D'Agostini, Oliver Setzinger, Tobias Rieder - PP : Matt D'Agostini, Tobias Rieder - PK : Patric Hornqvist
Extra Defensemen
Normal : Nate Guenin, Mike Weber, Trevor Daley - PP : Oscar Klefbom - PK : Nate Guenin, Trevor Daley
Penalty Shots
Ryan Getzlaf, Frans Nielsen, Patric Hornqvist, Martin Erat, Michal Birner
Custom OT Lines Forwards
Ryan Getzlaf, Patric Hornqvist, Tobias Rieder, Sidney Crosby, Matt D'Agostini, Frans Nielsen, Jacob Josefson, Chad LaRose, Oliver Setzinger, Anders Lee
Custom OT Lines Defensemen
Trevor Daley, Mike Weber, Keith Yandle, Oscar Klefbom, Nate Guenin

Scratches
David Savard (Sprained Right Finger Injury)

Rangers

5 vs 5 Forward 
   Center                   Left Wing                Right Wing               Time % Phy DF OF 
 1 Matt Stajan              Ondrej Palat             Clarke MacArthur         34     1   2  2  
 2 Nikolai Kulemin          Kyle Palmieri            Shawn Collymore          30     1   2  2  
 3 Rich Peverley            Alex Foster              Tomas Fleischmann        22     1   2  2  
 4 Evan McGrath             James Sheppard           Reilly Smith             14     1   2  2  

5 vs 5 Defense 
   Defense                  Defense                                           Time % Phy DF OF 
 1 Niklas Kronwall          Nick Holden                                       34     0   3  2  
 2 Trevor Byrne             Radko Gudas                                       30     0   3  2  
 3 Tim Ramholt              Luca Sbisa                                        22     1   2  2  
 4 Niklas Kronwall          Luca Sbisa                                        14     1   2  2  

PowerPlay Forward 
   Center                   Left Wing                Right Wing               Time % Phy DF OF 
 1 Matt Stajan              Ondrej Palat             Clarke MacArthur         55     0   2  3  
 2 Nikolai Kulemin          Kyle Palmieri            Reilly Smith             45     0   2  3  

PowerPlay Defense
   Defense                  Defense                                           Time % Phy DF OF 
 1 Niklas Kronwall          Nick Holden                                       55     0   2  3  
 2 Trevor Byrne             Radko Gudas                                       45     0   2  3  

Penalty Kill 4 Players Forward 
   Center                   Wing                     Time % Phy DF OF 
 1 Evan McGrath             Nikolai Kulemin          55     1   3  1  
 2 Ondrej Palat             Kyle Palmieri            45     1   3  1  

Penalty Kill 4 Players Defense
   Defense                  Defense                  Time % Phy DF OF 
 1 Niklas Kronwall          Nick Holden              55     1   3  1  
 2 Trevor Byrne             Radko Gudas              45     1   3  1  

Penalty Kill - 3 Players Forward 
   Forward                                           Time % Phy DF OF 
 1 Evan McGrath                                      55     1   4  0  
 2 Matt Stajan                                       45     1   4  0  

Penalty Kill - 3 Players Defense
   Defense                  Defense                  Time % Phy DF OF 
 1 Niklas Kronwall          Nick Holden              55     1   4  0  
 2 Trevor Byrne             Radko Gudas              45     1   4  0  

4 vs 4 Forward 
   Center                   Wing                     Time % Phy DF OF 
 1 Evan McGrath             Clarke MacArthur         55     1   2  2  
 2 Ondrej Palat             Kyle Palmieri            45     1   2  2  

4 vs 4 Defense
   Defense                  Defense                  Time % Phy DF OF 
 1 Niklas Kronwall          Nick Holden              55     1   2  2  
 2 Trevor Byrne             Radko Gudas              45     1   2  2  

Last Minutes Offensive
   Center                   Left Wing                Right Wing               Defense                  Defense                  
   Matt Stajan              Ondrej Palat             Clarke MacArthur         Niklas Kronwall          Nick Holden              

Last Minutes Defensive
   Center                   Left Wing                Right Wing               Defense                  Defense                  
   Matt Stajan              Ondrej Palat             Clarke MacArthur         Niklas Kronwall          Nick Holden              

Goaltenders
Starting : Mike Smith               
Backup : Tyler Beskorowany        

Extra Forwards
Normal : Evan McGrath, Rich Peverley, Alex Foster - PP : Evan McGrath, Rich Peverley - PK : Alex Foster
Extra Defensemen
Normal : Tim Ramholt, Luca Sbisa, Trevor Byrne - PP : Tim Ramholt - PK : Luca Sbisa, Trevor Byrne
Penalty Shots
Clarke MacArthur, Matt Stajan, Ondrej Palat, Kyle Palmieri, Nikolai Kulemin
Custom OT Lines Forwards
Clarke MacArthur, Matt Stajan, Ondrej Palat, Kyle Palmieri, Nikolai Kulemin, Reilly Smith, Rich Peverley, Alex Foster, Tomas Fleischmann, James Sheppard
Custom OT Lines Defensemen
Niklas Kronwall, Nick Holden, Trevor Byrne, Radko Gudas, Tim Ramholt

Scratches
Mattias Tedenby (Healthy)

% Time on Ice - Blues

Lines # - Real PCT - Wanted PCT - Time Play
Normal Forward
1 - 32% - 35% - 14:51
2 - 34% - 34% - 16:07
3 - 24% - 25% - 11:18
4 - 10% - 6% - 4:49
Normal Defense
1 - 37% - 35% - 17:16
2 - 35% - 33% - 16:37
3 - 28% - 26% - 13:12
4 - 0% - 6% - 0:00
PP Forward
1 - 42% - 50% - 4:33
2 - 58% - 50% - 6:19
PP Defense
1 - 54% - 60% - 5:54
2 - 46% - 40% - 4:58
PK Forward
1 - 83% - 60% - 1:42
2 - 17% - 40% - 0:21
PK Defense
1 - 65% - 60% - 1:20
2 - 35% - 40% - 0:43
PK3 Forward
1 - 0% - 60%
2 - 0% - 40%
PK3 Defense
1 - 0% - 60%
2 - 0% - 40%
44 Forward
1 - 0% - 60%
2 - 0% - 40%
44 Defense
1 - 0% - 60%
2 - 0% - 40%
Last Minute Offensive  - 0:00
Last Minute Defensive  - 0:00
Total
Forward - 60:00
Defense - 60:00

% Time on Ice - Rangers

Lines # - Real PCT - Wanted PCT - Time Play
Normal Forward
1 - 35% - 34% - 16:21
2 - 31% - 30% - 14:26
3 - 22% - 22% - 10:16
4 - 13% - 14% - 6:02
Normal Defense
1 - 35% - 34% - 16:18
2 - 32% - 30% - 14:56
3 - 24% - 22% - 11:11
4 - 10% - 14% - 4:40
PP Forward
1 - 45% - 55% - 0:55
2 - 55% - 45% - 1:08
PP Defense
1 - 55% - 55% - 1:08
2 - 45% - 45% - 0:55
PK Forward
1 - 61% - 55% - 5:46
2 - 39% - 45% - 3:40
PK Defense
1 - 45% - 55% - 4:15
2 - 55% - 45% - 5:11
PK3 Forward
1 - 51% - 55% - 0:44
2 - 49% - 45% - 0:42
PK3 Defense
1 - 72% - 55% - 1:02
2 - 28% - 45% - 0:24
44 Forward
1 - 0% - 55%
2 - 0% - 45%
44 Defense
1 - 0% - 55%
2 - 0% - 45%
Last Minute Offensive  - 0:00
Last Minute Defensive  - 0:00
Total
Forward - 60:00
Defense - 60:00

Play by Play

1st period


0:01 of 1st period - Matt Stajan wins face-off versus Patric Hornqvist in neutral zone.
0:56 of 1st period - Trevor Daley is hit by Shawn Collymore and loses puck.
1:11 of 1st period - Shot by Sidney Crosby.
1:11 of 1st period - Stopped by Mike Smith without a rebound.
1:12 of 1st period - Rich Peverley wins face-off versus Frans Nielsen in Rangers zone.
1:41 of 1st period - Shot by Rich Peverley.
1:41 of 1st period - Stopped by Simeon Varlamov with a rebound.
1:43 of 1st period - Shot by Rich Peverley.
1:43 of 1st period - Stopped by Simeon Varlamov without a rebound.
1:44 of 1st period - Sidney Crosby wins face-off versus Evan McGrath in Blues zone.
1:44 of 1st period - Sidney Crosby is hit by James Sheppard.
1:45 of 1st period - Minor Penalty to James Sheppard for Boarding.
1:46 of 1st period - Evan McGrath wins face-off versus Sidney Crosby in Rangers zone.
3:18 of 1st period - Shot by Keith Yandle.
3:18 of 1st period - Deflect By Ryan Getzlaf.
3:18 of 1st period - Shot Misses the Net.
3:20 of 1st period - Shot by Patric Hornqvist.
3:20 of 1st period - Shot Misses the Net.
3:38 of 1st period - Shot by Mike Weber.
3:38 of 1st period - Shot Misses the Net.
4:57 of 1st period - Shot by Ondrej Palat.
4:57 of 1st period - Stopped by Simeon Varlamov without a rebound.
4:58 of 1st period - Nikolai Kulemin wins face-off versus Sidney Crosby in Blues zone.
5:05 of 1st period - Shot by Radko Gudas.
5:05 of 1st period - Stopped by Simeon Varlamov without a rebound.
5:06 of 1st period - Nikolai Kulemin wins face-off versus Sidney Crosby in Blues zone.
5:07 of 1st period - Shot by Shawn Collymore.
5:07 of 1st period - Shot Misses the Net.
5:27 of 1st period - Shot by Tobias Rieder.
5:27 of 1st period - Shot Misses the Net.
5:44 of 1st period - Icing by Tobias Rieder.
5:45 of 1st period - Matt Stajan wins face-off versus Sidney Crosby in Blues zone.
6:23 of 1st period - Nick Holden is hit by Ryan Getzlaf and loses puck.
6:30 of 1st period - Shot by Ryan Getzlaf.
6:30 of 1st period - Stopped by Mike Smith with a rebound.
6:42 of 1st period - Shot by Ryan Getzlaf.
6:42 of 1st period - Stopped by Mike Smith without a rebound.
6:43 of 1st period - Frans Nielsen wins face-off versus Evan McGrath in Rangers zone.
6:44 of 1st period - Shot by Michal Birner.
6:44 of 1st period - Shot Misses the Net.
6:51 of 1st period - Off-side.
6:52 of 1st period - Frans Nielsen wins face-off versus Nikolai Kulemin in neutral zone.
7:11 of 1st period - Shot by Frans Nielsen.
7:11 of 1st period - Stopped by Mike Smith without a rebound.
7:12 of 1st period - Evan McGrath wins face-off versus Sidney Crosby in Rangers zone.
7:38 of 1st period - James Sheppard is hit by Trevor Daley.
7:43 of 1st period - Icing by Sidney Crosby.
7:44 of 1st period - Sidney Crosby wins face-off versus Nikolai Kulemin in Blues zone.
8:04 of 1st period - Shot by Kyle Palmieri.
8:04 of 1st period - Shot Misses the Net.
8:13 of 1st period - Shawn Collymore is hit by Oscar Klefbom.
8:42 of 1st period - Trevor Daley is hit by Radko Gudas and loses puck.
8:56 of 1st period - Minor Penalty to Matt Stajan for Hooking.
8:57 of 1st period - Martin Erat wins face-off versus Evan McGrath in Rangers zone.
10:06 of 1st period - Evan McGrath is hit by Nate Guenin and loses puck.
10:11 of 1st period - Shot by Nate Guenin.
10:11 of 1st period - Shot Blocked by Radko Gudas.
10:13 of 1st period - Shot by Frans Nielsen.
10:13 of 1st period - Shot Misses the Net.
10:53 of 1st period - Shot by Trevor Daley.
10:53 of 1st period - Shot Misses the Net.
10:55 of 1st period - Shot by Keith Yandle.
10:55 of 1st period - Stopped by Mike Smith with a rebound.
10:57 of 1st period - Shot by Martin Marincin.
10:57 of 1st period - Stopped by Mike Smith without a rebound.
10:58 of 1st period - Clarke MacArthur wins face-off versus Jacob Josefson in Rangers zone.
11:00 of 1st period - Icing by Ondrej Palat.
11:01 of 1st period - Sidney Crosby wins face-off versus Matt Stajan in Rangers zone.
11:02 of 1st period - Shot by Mike Weber.
11:02 of 1st period - Shot Misses the Net.
11:18 of 1st period - Shot by Sidney Crosby.
11:18 of 1st period - Shot Misses the Net.
11:20 of 1st period - Shot by Sidney Crosby.
11:20 of 1st period - Stopped by Mike Smith without a rebound.
11:21 of 1st period - Rich Peverley wins face-off versus Frans Nielsen in Rangers zone.
11:30 of 1st period - Shot by Frans Nielsen.
11:30 of 1st period - Shot Blocked by Niklas Kronwall.
12:06 of 1st period - Matt D'Agostini is hit by Alex Foster and loses puck.
12:10 of 1st period - Icing by Oscar Klefbom.
12:11 of 1st period - Matt Stajan wins face-off versus Frans Nielsen in Blues zone.
12:40 of 1st period - Shot by Ryan Getzlaf.
12:40 of 1st period - Goal by Ryan Getzlaf - Blues : 1 - Rangers : 0.
12:41 of 1st period - Nikolai Kulemin wins face-off versus Sidney Crosby in neutral zone.
13:01 of 1st period - Shot by Kyle Palmieri.
13:01 of 1st period - Stopped by Simeon Varlamov without a rebound.
13:02 of 1st period - Evan McGrath wins face-off versus Ryan Getzlaf in Blues zone.
13:02 of 1st period - James Sheppard is hit by Mike Weber and loses puck.
13:44 of 1st period - Shot by Ryan Getzlaf.
13:44 of 1st period - Shot Misses the Net.
14:14 of 1st period - Shot by Anders Lee.
14:14 of 1st period - Shot Blocked by Trevor Byrne.
14:16 of 1st period - Shot by Sidney Crosby.
14:16 of 1st period - Shot Blocked by Radko Gudas.
14:18 of 1st period - Shot by Nate Guenin.
14:18 of 1st period - Stopped by Mike Smith without a rebound.
14:19 of 1st period - Michal Birner wins face-off versus Nikolai Kulemin in Rangers zone.
15:41 of 1st period - Ryan Getzlaf is hit by Matt Stajan and loses puck.
15:47 of 1st period - Keith Yandle is hit by Niklas Kronwall and loses puck.
16:22 of 1st period - Mike Weber is hit by Alex Foster and loses puck.
16:31 of 1st period - Shot by Anders Lee.
16:31 of 1st period - Shot Misses the Net.
16:45 of 1st period - Icing by Martin Marincin.
16:46 of 1st period - Sidney Crosby wins face-off versus Nikolai Kulemin in Blues zone.
17:11 of 1st period - Shot by Nikolai Kulemin.
17:11 of 1st period - Stopped by Simeon Varlamov with a rebound.
17:13 of 1st period - Shot by Shawn Collymore.
17:13 of 1st period - Goal by Shawn Collymore - Blues : 1 - Rangers : 1.
17:14 of 1st period - Rich Peverley wins face-off versus Ryan Getzlaf in neutral zone.
17:22 of 1st period - Tomas Fleischmann is hit by Nate Guenin and loses puck.
17:30 of 1st period - Alex Foster is hit by Nate Guenin and loses puck.
17:46 of 1st period - Icing by Luca Sbisa.
17:47 of 1st period - Alex Foster wins face-off versus Frans Nielsen in Rangers zone.
17:49 of 1st period - Icing by Tim Ramholt.
17:50 of 1st period - Sidney Crosby wins face-off versus Tomas Fleischmann in Rangers zone.
18:12 of 1st period - Shot by Anders Lee.
18:12 of 1st period - Shot Misses the Net.
18:14 of 1st period - Shot by Sidney Crosby.
18:14 of 1st period - Stopped by Mike Smith without a rebound.
18:15 of 1st period - Ryan Getzlaf wins face-off versus Matt Stajan in Rangers zone.
18:56 of 1st period - Shot by Ondrej Palat.
18:56 of 1st period - Shot Misses the Net.
19:26 of 1st period - Shot by Shawn Collymore.
19:26 of 1st period - Shot Misses the Net.
19:40 of 1st period - Shot by Shawn Collymore.
19:40 of 1st period - Shot Misses the Net.
19:42 of 1st period - Shot by Nikolai Kulemin.
19:42 of 1st period - Stopped by Simeon Varlamov without a rebound.
19:43 of 1st period - Evan McGrath wins face-off versus Frans Nielsen in Blues zone.
Goals for this period are 1 for Blues vs 1 for Rangers.
Shots for this period are 10 for Blues vs 8 for Rangers.

2nd period


0:01 of 2nd period - Ryan Getzlaf wins face-off versus Matt Stajan in neutral zone.
0:08 of 2nd period - Shot by Martin Marincin.
0:08 of 2nd period - Stopped by Mike Smith without a rebound.
0:09 of 2nd period - Nikolai Kulemin wins face-off versus Sidney Crosby in Rangers zone.
0:22 of 2nd period - Shot by Shawn Collymore.
0:22 of 2nd period - Stopped by Simeon Varlamov with a rebound.
0:37 of 2nd period - Shot by Shawn Collymore.
0:37 of 2nd period - Stopped by Simeon Varlamov without a rebound.
0:38 of 2nd period - Ryan Getzlaf wins face-off versus Matt Stajan in Blues zone.
0:49 of 2nd period - Shot by Ryan Getzlaf.
0:49 of 2nd period - Shot Misses the Net.
0:51 of 2nd period - Shot by Oscar Klefbom.
0:51 of 2nd period - Stopped by Mike Smith without a rebound.
0:52 of 2nd period - Evan McGrath wins face-off versus Frans Nielsen in Rangers zone.
0:52 of 2nd period - Evan McGrath is hit by Nate Guenin.
1:19 of 2nd period - Shot by Reilly Smith.
1:19 of 2nd period - Stopped by Simeon Varlamov without a rebound.
1:20 of 2nd period - Matt Stajan wins face-off versus Ryan Getzlaf in Blues zone.
1:20 of 2nd period - Matt Stajan is hit by Mike Weber.
1:53 of 2nd period - Shot by Clarke MacArthur.
1:53 of 2nd period - Shot Misses the Net.
1:57 of 2nd period - Shot by Clarke MacArthur.
1:57 of 2nd period - Shot Misses the Net.
1:59 of 2nd period - Shot by Trevor Byrne.
1:59 of 2nd period - Shot Blocked by Patric Hornqvist.
2:24 of 2nd period - Nikolai Kulemin is hit by Oscar Klefbom and loses puck.
2:34 of 2nd period - Minor Penalty to Nick Holden for Tripping.
2:35 of 2nd period - Evan McGrath wins face-off versus Sidney Crosby in Rangers zone.
2:52 of 2nd period - Shot by Sidney Crosby.
2:52 of 2nd period - Stopped by Mike Smith without a rebound.
2:53 of 2nd period - Matt D'Agostini wins face-off versus Ondrej Palat in Rangers zone.
3:10 of 2nd period - Radko Gudas is hit by Sidney Crosby and loses puck.
3:15 of 2nd period - Shot by Keith Yandle.
3:15 of 2nd period - Stopped by Mike Smith without a rebound.
3:16 of 2nd period - Ryan Getzlaf wins face-off versus Ondrej Palat in Rangers zone.
3:19 of 2nd period - Shot by Patric Hornqvist.
3:19 of 2nd period - Shot Blocked by Luca Sbisa.
3:54 of 2nd period - Icing by Mike Weber.
3:55 of 2nd period - Ryan Getzlaf wins face-off versus Evan McGrath in Blues zone.
3:55 of 2nd period - Ryan Getzlaf is hit by Nikolai Kulemin.
5:08 of 2nd period - Shot by Jacob Josefson.
5:08 of 2nd period - Goal by Jacob Josefson - Blues : 2 - Rangers : 1.
5:09 of 2nd period - Matt Stajan wins face-off versus Sidney Crosby in neutral zone.
5:09 of 2nd period - Clarke MacArthur is hit by Tobias Rieder and loses puck.
5:19 of 2nd period - Luca Sbisa is hit by Anders Lee and loses puck.
5:28 of 2nd period - Shot by Nate Guenin.
5:28 of 2nd period - Shot Blocked by Tim Ramholt.
5:30 of 2nd period - Shot by Anders Lee.
5:30 of 2nd period - Stopped by Mike Smith without a rebound.
5:31 of 2nd period - Frans Nielsen wins face-off versus Nikolai Kulemin in Rangers zone.
5:42 of 2nd period - Shot by Frans Nielsen.
5:42 of 2nd period - Shot Misses the Net.
5:50 of 2nd period - Shot by Shawn Collymore.
5:50 of 2nd period - Shot Blocked by Trevor Daley.
5:52 of 2nd period - Shot by Shawn Collymore.
5:52 of 2nd period - Shot Misses the Net.
5:54 of 2nd period - Shot by Nick Holden.
5:54 of 2nd period - Stopped by Simeon Varlamov with a rebound.
5:56 of 2nd period - Shot by Niklas Kronwall.
5:56 of 2nd period - Shot Misses the Net.
5:58 of 2nd period - Shot by Shawn Collymore.
5:58 of 2nd period - Stopped by Simeon Varlamov without a rebound.
5:59 of 2nd period - Ryan Getzlaf wins face-off versus Matt Stajan in Blues zone.
6:35 of 2nd period - Shot by Radko Gudas.
6:35 of 2nd period - Deflect By Clarke MacArthur.
6:35 of 2nd period - Stopped by Simeon Varlamov without a rebound.
6:36 of 2nd period - Nikolai Kulemin wins face-off versus Sidney Crosby in Blues zone.
6:46 of 2nd period - Sidney Crosby is hit by Nick Holden and loses puck.
6:49 of 2nd period - Shot by Sidney Crosby.
6:49 of 2nd period - Deflect By Anders Lee.
6:49 of 2nd period - Shot Blocked by Nick Holden.
6:51 of 2nd period - Shot by Martin Marincin.
6:51 of 2nd period - Shot Misses the Net.
6:53 of 2nd period - Shot by Mike Weber.
6:53 of 2nd period - Shot Misses the Net.
6:58 of 2nd period - Minor Penalty to Niklas Kronwall for Hooking.
6:59 of 2nd period - Ryan Getzlaf wins face-off versus Evan McGrath in Rangers zone.
7:31 of 2nd period - Minor Penalty to Luca Sbisa for Holding.
7:32 of 2nd period - Sidney Crosby wins face-off versus Evan McGrath in Rangers zone.
7:59 of 2nd period - Shot by Mike Weber.
7:59 of 2nd period - Shot Misses the Net.
8:01 of 2nd period - Shot by Martin Marincin.
8:01 of 2nd period - Stopped by Mike Smith without a rebound.
8:02 of 2nd period - Ryan Getzlaf wins face-off versus Matt Stajan in Rangers zone.
8:17 of 2nd period - Shot by Ryan Getzlaf.
8:17 of 2nd period - Shot Misses the Net.
8:19 of 2nd period - Shot by Trevor Daley.
8:19 of 2nd period - Stopped by Mike Smith without a rebound.
8:20 of 2nd period - Anders Lee wins face-off versus Evan McGrath in Rangers zone.
8:27 of 2nd period - Shot by Trevor Daley.
8:27 of 2nd period - Shot Blocked by Evan McGrath.
8:29 of 2nd period - Shot by Keith Yandle.
8:29 of 2nd period - Shot Misses the Net.
8:33 of 2nd period - Shot by Keith Yandle.
8:33 of 2nd period - Stopped by Mike Smith without a rebound.
8:34 of 2nd period - Ryan Getzlaf wins face-off versus Matt Stajan in Rangers zone.
8:37 of 2nd period - Shot by Ryan Getzlaf.
8:37 of 2nd period - Deflect By Patric Hornqvist.
8:37 of 2nd period - Shot Misses the Net.
8:39 of 2nd period - Shot by Martin Erat.
8:39 of 2nd period - Shot Blocked by Radko Gudas.
9:01 of 2nd period - Shot by Martin Erat.
9:01 of 2nd period - Stopped by Mike Smith without a rebound.
9:02 of 2nd period - Sidney Crosby wins face-off versus Evan McGrath in Rangers zone.
9:19 of 2nd period - Shot by Trevor Daley.
9:19 of 2nd period - Stopped by Mike Smith without a rebound.
9:20 of 2nd period - Ryan Getzlaf wins face-off versus Evan McGrath in Rangers zone.
9:24 of 2nd period - Ryan Getzlaf is hit by Radko Gudas and loses puck.
9:55 of 2nd period - Shot by Clarke MacArthur.
9:55 of 2nd period - Stopped by Simeon Varlamov without a rebound.
9:56 of 2nd period - Nikolai Kulemin wins face-off versus Sidney Crosby in Blues zone.
10:17 of 2nd period - Shawn Collymore is hit by Oscar Klefbom.
10:32 of 2nd period - Kyle Palmieri is hit by Oscar Klefbom.
10:36 of 2nd period - Shot by Shawn Collymore.
10:36 of 2nd period - Shot Misses the Net.
10:55 of 2nd period - Off-side.
10:56 of 2nd period - Ryan Getzlaf wins face-off versus Matt Stajan in neutral zone.
11:01 of 2nd period - Shot by Mike Weber.
11:01 of 2nd period - Shot Misses the Net.
11:03 of 2nd period - Shot by Ryan Getzlaf.
11:03 of 2nd period - Shot Misses the Net.
11:05 of 2nd period - Shot by Mike Weber.
11:05 of 2nd period - Stopped by Mike Smith without a rebound.
11:06 of 2nd period - Frans Nielsen wins face-off versus Tomas Fleischmann in Rangers zone.
11:14 of 2nd period - Icing by Alex Foster.
11:15 of 2nd period - Ryan Getzlaf wins face-off versus Rich Peverley in Rangers zone.
11:42 of 2nd period - Shot by Tomas Fleischmann.
11:42 of 2nd period - Stopped by Simeon Varlamov without a rebound.
11:43 of 2nd period - Matt Stajan wins face-off versus Frans Nielsen in Blues zone.
11:46 of 2nd period - Shot by Niklas Kronwall.
11:46 of 2nd period - Stopped by Simeon Varlamov without a rebound.
11:47 of 2nd period - Matt Stajan wins face-off versus Frans Nielsen in Blues zone.
12:47 of 2nd period - Off-side.
12:48 of 2nd period - Sidney Crosby wins face-off versus Rich Peverley in neutral zone.
12:48 of 2nd period - Sidney Crosby is hit by Alex Foster.
12:57 of 2nd period - Icing by Tim Ramholt.
12:58 of 2nd period - Ryan Getzlaf wins face-off versus Rich Peverley in Rangers zone.
13:03 of 2nd period - Shot by Martin Erat.
13:03 of 2nd period - Stopped by Mike Smith without a rebound.
13:04 of 2nd period - Ryan Getzlaf wins face-off versus Nikolai Kulemin in Rangers zone.
13:09 of 2nd period - Shot by Ryan Getzlaf.
13:09 of 2nd period - Shot Misses the Net.
13:11 of 2nd period - Shot by Ryan Getzlaf.
13:11 of 2nd period - Stopped by Mike Smith without a rebound.
13:12 of 2nd period - Matt Stajan wins face-off versus Sidney Crosby in Rangers zone.
13:27 of 2nd period - Shot by Clarke MacArthur.
13:27 of 2nd period - Shot Blocked by Mike Weber.
13:29 of 2nd period - Shot by Luca Sbisa.
13:29 of 2nd period - Shot Misses the Net.
13:31 of 2nd period - Shot by Ondrej Palat.
13:31 of 2nd period - Stopped by Simeon Varlamov without a rebound.
13:32 of 2nd period - Ryan Getzlaf wins face-off versus Nikolai Kulemin in Blues zone.
14:06 of 2nd period - Icing by Oscar Klefbom.
14:07 of 2nd period - Ryan Getzlaf wins face-off versus Matt Stajan in Blues zone.
14:46 of 2nd period - Shot by Niklas Kronwall.
14:46 of 2nd period - Stopped by Simeon Varlamov with a rebound.
14:49 of 2nd period - Icing by Patric Hornqvist.
14:50 of 2nd period - Ryan Getzlaf wins face-off versus Evan McGrath in Blues zone.
16:40 of 2nd period - Frans Nielsen is hit by Luca Sbisa and loses puck.
16:49 of 2nd period - Shot by Matt D'Agostini.
16:49 of 2nd period - Stopped by Mike Smith without a rebound.
16:50 of 2nd period - Matt Stajan wins face-off versus Oliver Setzinger in Rangers zone.
16:59 of 2nd period - Shot by Clarke MacArthur.
16:59 of 2nd period - Stopped by Simeon Varlamov without a rebound.
17:00 of 2nd period - Jacob Josefson wins face-off versus Kyle Palmieri in Blues zone.
17:19 of 2nd period - Shot by Kyle Palmieri.
17:19 of 2nd period - Shot Blocked by Oscar Klefbom.
17:57 of 2nd period - Matt Stajan is hit by Oliver Setzinger and loses puck.
18:28 of 2nd period - Shot by Ondrej Palat.
18:28 of 2nd period - Stopped by Simeon Varlamov without a rebound.
18:29 of 2nd period - Rich Peverley wins face-off versus Ryan Getzlaf in Blues zone.
18:29 of 2nd period - Tomas Fleischmann is hit by Nate Guenin and loses puck.
18:44 of 2nd period - Shot by Ryan Getzlaf.
18:44 of 2nd period - Stopped by Mike Smith without a rebound.
18:45 of 2nd period - Frans Nielsen wins face-off versus Evan McGrath in Rangers zone.
18:53 of 2nd period - Frans Nielsen is hit by Tim Ramholt and loses puck.
19:22 of 2nd period - Icing by Matt D'Agostini.
19:23 of 2nd period - Frans Nielsen wins face-off versus Matt Stajan in Blues zone.
19:23 of 2nd period - Frans Nielsen is hit by Matt Stajan.
19:30 of 2nd period - Frans Nielsen is hit by Nick Holden.
19:46 of 2nd period - Shot by Matt Stajan.
19:46 of 2nd period - Shot Misses the Net.
19:48 of 2nd period - Shot by Matt Stajan.
19:48 of 2nd period - Deflect By Ondrej Palat.
19:48 of 2nd period - Stopped by Simeon Varlamov without a rebound.
19:49 of 2nd period - Nikolai Kulemin wins face-off versus Tobias Rieder in Blues zone.
19:55 of 2nd period - Icing by Nate Guenin.
19:56 of 2nd period - Sidney Crosby wins face-off versus Nikolai Kulemin in Blues zone.
19:56 of 2nd period - Keith Yandle is hit by Shawn Collymore and loses puck.
Goals for this period are 1 for Blues vs 0 for Rangers.
Shots for this period are 16 for Blues vs 14 for Rangers.

3rd period


0:01 of 3rd period - Rich Peverley wins face-off versus Sidney Crosby in neutral zone.
0:04 of 3rd period - Martin Marincin is hit by Alex Foster and loses puck.
0:08 of 3rd period - Icing by Martin Marincin.
0:09 of 3rd period - Matt Stajan wins face-off versus Sidney Crosby in Blues zone.
0:13 of 3rd period - Minor Penalty to Matt Stajan for Holding Stick.
0:14 of 3rd period - Evan McGrath wins face-off versus Sidney Crosby in Rangers zone.
0:54 of 3rd period - Shot by Trevor Daley.
0:54 of 3rd period - Stopped by Mike Smith without a rebound.
0:55 of 3rd period - Ryan Getzlaf wins face-off versus Evan McGrath in Rangers zone.
1:24 of 3rd period - Shot by Mike Weber.
1:24 of 3rd period - Shot Blocked by Ondrej Palat.
1:32 of 3rd period - Shot by Patric Hornqvist.
1:32 of 3rd period - Shot Misses the Net.
1:34 of 3rd period - Shot by Ryan Getzlaf.
1:34 of 3rd period - Goal by Ryan Getzlaf - Blues : 3 - Rangers : 1.
1:35 of 3rd period - Rich Peverley wins face-off versus Jacob Josefson in neutral zone.
1:50 of 3rd period - Shot by Tomas Fleischmann.
1:50 of 3rd period - Shot Misses the Net.
1:52 of 3rd period - Shot by Rich Peverley.
1:52 of 3rd period - Shot Blocked by Keith Yandle.
1:56 of 3rd period - Shot by Tomas Fleischmann.
1:56 of 3rd period - Shot Blocked by Keith Yandle.
2:27 of 3rd period - Icing by Nate Guenin.
2:28 of 3rd period - Oliver Setzinger wins face-off versus Kyle Palmieri in Blues zone.
2:41 of 3rd period - Shot by Kyle Palmieri.
2:41 of 3rd period - Stopped by Simeon Varlamov without a rebound.
2:42 of 3rd period - Ryan Getzlaf wins face-off versus Matt Stajan in Blues zone.
2:42 of 3rd period - Ryan Getzlaf is hit by Matt Stajan.
2:47 of 3rd period - Off-side.
2:48 of 3rd period - Matt Stajan wins face-off versus Anders Lee in neutral zone.
3:02 of 3rd period - Icing by Martin Marincin.
3:03 of 3rd period - Sidney Crosby wins face-off versus Nikolai Kulemin in Blues zone.
3:03 of 3rd period - Sidney Crosby is hit by Shawn Collymore.
3:40 of 3rd period - Minor Penalty to Mike Weber for Tripping.
3:41 of 3rd period - Ryan Getzlaf wins face-off versus Matt Stajan in Blues zone.
3:41 of 3rd period - Ryan Getzlaf is hit by Matt Stajan.
3:58 of 3rd period - Ondrej Palat is hit by Nate Guenin and loses puck.
4:41 of 3rd period - Shot by Niklas Kronwall.
4:41 of 3rd period - Stopped by Simeon Varlamov with a rebound.
4:43 of 3rd period - Shot by Nick Holden.
4:43 of 3rd period - Stopped by Simeon Varlamov with a rebound.
4:45 of 3rd period - Shot by Kyle Palmieri.
4:45 of 3rd period - Stopped by Simeon Varlamov without a rebound.
4:46 of 3rd period - Frans Nielsen wins face-off versus Nikolai Kulemin in Blues zone.
5:06 of 3rd period - Shot by Reilly Smith.
5:06 of 3rd period - Stopped by Simeon Varlamov without a rebound.
5:07 of 3rd period - Ryan Getzlaf wins face-off versus Nikolai Kulemin in Blues zone.
6:17 of 3rd period - Tim Ramholt is hit by Anders Lee and loses puck.
6:30 of 3rd period - Icing by Trevor Daley.
6:31 of 3rd period - Clarke MacArthur wins face-off versus Frans Nielsen in Blues zone.
6:50 of 3rd period - Trevor Daley is hit by Matt Stajan and loses puck.
6:57 of 3rd period - Shot by Matt D'Agostini.
6:57 of 3rd period - Shot Blocked by Trevor Byrne.
6:59 of 3rd period - Shot by Oscar Klefbom.
6:59 of 3rd period - Deflect By Matt D'Agostini.
6:59 of 3rd period - Stopped by Mike Smith with a rebound.
7:05 of 3rd period - Shot by Frans Nielsen.
7:05 of 3rd period - Stopped by Mike Smith without a rebound.
7:06 of 3rd period - Nikolai Kulemin wins face-off versus Ryan Getzlaf in Rangers zone.
7:08 of 3rd period - Icing by Nick Holden.
7:09 of 3rd period - Nikolai Kulemin wins face-off versus Ryan Getzlaf in Rangers zone.
7:20 of 3rd period - Shot by Nikolai Kulemin.
7:20 of 3rd period - Deflect By Kyle Palmieri.
7:20 of 3rd period - Shot Blocked by Mike Weber.
7:42 of 3rd period - Shot by Patric Hornqvist.
7:42 of 3rd period - Stopped by Mike Smith without a rebound.
7:43 of 3rd period - Matt Stajan wins face-off versus Sidney Crosby in Rangers zone.
7:43 of 3rd period - Ondrej Palat is hit by Sidney Crosby and loses puck.
8:01 of 3rd period - Minor Penalty to Oscar Klefbom for Roughing.
8:02 of 3rd period - Nikolai Kulemin wins face-off versus Ryan Getzlaf in Blues zone.
8:05 of 3rd period - Shot by Niklas Kronwall.
8:05 of 3rd period - Goal by Niklas Kronwall - Blues : 3 - Rangers : 2.
8:06 of 3rd period - Ryan Getzlaf wins face-off versus Matt Stajan in neutral zone.
8:19 of 3rd period - Shot by Patric Hornqvist.
8:19 of 3rd period - Shot Blocked by Niklas Kronwall.
8:23 of 3rd period - Shot by Keith Yandle.
8:23 of 3rd period - Stopped by Mike Smith with a rebound.
8:25 of 3rd period - Shot by Martin Erat.
8:25 of 3rd period - Shot Misses the Net.
8:40 of 3rd period - Patric Hornqvist is hit by Niklas Kronwall and loses puck.
8:46 of 3rd period - Icing by Niklas Kronwall.
8:47 of 3rd period - Sidney Crosby wins face-off versus Matt Stajan in Rangers zone.
8:47 of 3rd period - Mike Weber is hit by Nick Holden and loses puck.
9:13 of 3rd period - Anders Lee is hit by Niklas Kronwall and loses puck.
9:53 of 3rd period - Matt D'Agostini is hit by Niklas Kronwall and loses puck.
10:06 of 3rd period - Shot by Frans Nielsen.
10:06 of 3rd period - Shot Blocked by Niklas Kronwall.
10:22 of 3rd period - Shot by Frans Nielsen.
10:22 of 3rd period - Shot Misses the Net.
10:40 of 3rd period - Shot by Radko Gudas.
10:40 of 3rd period - Stopped by Simeon Varlamov without a rebound.
10:41 of 3rd period - Ryan Getzlaf wins face-off versus Evan McGrath in Blues zone.
10:55 of 3rd period - Shot by Evan McGrath.
10:55 of 3rd period - Shot Misses the Net.
10:57 of 3rd period - Shot by Tim Ramholt.
10:57 of 3rd period - Stopped by Simeon Varlamov without a rebound.
10:58 of 3rd period - Sidney Crosby wins face-off versus Rich Peverley in Blues zone.
10:58 of 3rd period - Tobias Rieder is hit by Alex Foster.
11:15 of 3rd period - Minor Penalty to Alex Foster for Holding Stick.
11:16 of 3rd period - Evan McGrath wins face-off versus Ryan Getzlaf in Rangers zone.
11:22 of 3rd period - Icing by Patric Hornqvist.
11:23 of 3rd period - Ryan Getzlaf wins face-off versus Evan McGrath in Blues zone.
12:00 of 3rd period - Nick Holden is hit by Ryan Getzlaf and loses puck.
12:17 of 3rd period - Shot by Sidney Crosby.
12:17 of 3rd period - Goal by Sidney Crosby - Blues : 4 - Rangers : 2.
12:18 of 3rd period - Rich Peverley wins face-off versus Sidney Crosby in neutral zone.
12:24 of 3rd period - Alex Foster is hit by Mike Weber and loses puck.
12:39 of 3rd period - Shot by Tobias Rieder.
12:39 of 3rd period - Stopped by Mike Smith without a rebound.
12:40 of 3rd period - Nikolai Kulemin wins face-off versus Frans Nielsen in Rangers zone.
13:22 of 3rd period - Keith Yandle is hit by Radko Gudas and loses puck.
13:34 of 3rd period - Icing by Keith Yandle.
13:35 of 3rd period - Frans Nielsen wins face-off versus Matt Stajan in Blues zone.
13:35 of 3rd period - Frans Nielsen is hit by Matt Stajan.
14:26 of 3rd period - Shot by Patric Hornqvist.
14:26 of 3rd period - Shot Blocked by Niklas Kronwall.
14:28 of 3rd period - Shot by Ryan Getzlaf.
14:28 of 3rd period - Stopped by Mike Smith without a rebound.
14:29 of 3rd period - Sidney Crosby wins face-off versus Evan McGrath in Rangers zone.
15:38 of 3rd period - Nikolai Kulemin is hit by Oliver Setzinger and loses puck.
15:44 of 3rd period - Icing by Nick Holden.
15:45 of 3rd period - Ryan Getzlaf wins face-off versus Shawn Collymore in Rangers zone.
15:46 of 3rd period - Shot by Patric Hornqvist.
15:46 of 3rd period - Stopped by Mike Smith with a rebound.
16:07 of 3rd period - Shot by Nikolai Kulemin.
16:07 of 3rd period - Shot Misses the Net.
16:46 of 3rd period - Tomas Fleischmann is hit by Nate Guenin and loses puck.
17:43 of 3rd period - Shot by Mike Weber.
17:43 of 3rd period - Stopped by Mike Smith without a rebound.
17:44 of 3rd period - Reilly Smith wins face-off versus Jacob Josefson in Rangers zone.
17:58 of 3rd period - Icing by Nick Holden.
17:59 of 3rd period - Ryan Getzlaf wins face-off versus Evan McGrath in Rangers zone.
18:19 of 3rd period - Patric Hornqvist is hit by Nick Holden and loses puck.
18:22 of 3rd period - Shot by Trevor Daley.
18:22 of 3rd period - Stopped by Mike Smith without a rebound.
18:23 of 3rd period - Sidney Crosby wins face-off versus Nikolai Kulemin in Rangers zone.
18:24 of 3rd period - Shot by Anders Lee.
18:24 of 3rd period - Shot Misses the Net.
18:33 of 3rd period - Shot by Tobias Rieder.
18:33 of 3rd period - Shot Blocked by Radko Gudas.
18:39 of 3rd period - Shot by Tobias Rieder.
18:39 of 3rd period - Deflect By Sidney Crosby.
18:39 of 3rd period - Stopped by Mike Smith without a rebound.
18:40 of 3rd period - Rich Peverley wins face-off versus Martin Erat in Rangers zone.
19:01 of 3rd period - Shot by Tomas Fleischmann.
19:01 of 3rd period - Shot Blocked by Trevor Daley.
19:03 of 3rd period - Shot by Tim Ramholt.
19:03 of 3rd period - Shot Misses the Net.
19:05 of 3rd period - Shot by Luca Sbisa.
19:05 of 3rd period - Shot Blocked by Trevor Daley.
19:07 of 3rd period - Shot by Alex Foster.
19:07 of 3rd period - Stopped by Simeon Varlamov without a rebound.
19:08 of 3rd period - Sidney Crosby wins face-off versus Nikolai Kulemin in Blues zone.
19:37 of 3rd period - Shot by Nikolai Kulemin.
19:37 of 3rd period - Shot Blocked by Mike Weber.
19:49 of 3rd period - Icing by Martin Marincin.
19:50 of 3rd period - Sidney Crosby wins face-off versus Ondrej Palat in Blues zone.
Goals for this period are 2 for Blues vs 1 for Rangers.
Shots for this period are 13 for Blues vs 9 for Rangers.